 Dungeon Crawl Stone Soup version 0.30-a0-509-gd016549fea (webtiles) character file.

Game seed: 11648229119564582977

2627 ryw the Nimble (level 9, -5/65 HPs)
             Began as a Djinni Air Elementalist on Dec 22, 2022.
             Was an Initiate of Gozag.
             Slain by a wyvern (15 damage)
             ... on level 8 of the Dungeon.
             The game lasted 00:18:27 (8365 turns).

ryw the Nimble (Djinni Air Elementalist)            Turns: 8365, Time: 00:18:28

Health: -5/65      AC:  5    Str:  7    XL:     9   Next: 91%
Gold:   931        EV: 14    Int: 26    God:    Gozag SH:  0 Dex: 10

rFire   + + .      SeeInvis .    k - +7 quarterstaff "Osya" {holy, Int+6 Dex-5}
rCold   x . .      Faith    .    (shield currently unavailable)
rNeg    . . .      Spirit   .    a - +0 robe
rPois   ∞          Reflect  .    (no helmet)
rElec   .          Harm     .    b - +2 cloak
rCorr   .          Rampage  .    (no gloves)
Will    .....                    (boots unavailable)
Stlth   ++........               (no amulet)
HPRegen 0.30/turn                (no ring)
MPRegen 0.00/turn                (no ring)

@: flying
A: sickness immunity, fire resistance 2, cold vulnerability 1, float, innate
caster, HP casting, extra vitality 1
a: Renounce Religion, Potion Petition, Call Merchant, Bribe Branch


You were on level 8 of the Dungeon.
You worshipped Gozag.
Gozag was pleased with you.
You visited 2 branches of the dungeon, and saw 9 of its levels.

You collected 1038 gold pieces.
You paid 107 gold pieces to Gozag.

Inventory:

Hand Weapons
 c - a +0 whip
 k - the +7 quarterstaff "Osya" (weapon) {holy, Int+6 Dex-5}
   (You took it off an orc on level 2 of the Dungeon)

   It has been blessed by the Shining One to cause great damage to the undead
   and demons.
   Int:       It affects your intelligence (+6).
   Dex:       It affects your dexterity (-5).
Missiles
 h - 5 atropa-tipped darts
Armour
 a - a +0 robe (worn)
 b - a +2 cloak (worn)
Jewellery
 m - an amulet of the acrobat
 p - a ring of ice
 y - a ring of willpower
Wands
 s - a wand of roots (9)
 x - a wand of flame (27)
Scrolls
 g - 2 scrolls of silence
 l - a scroll of enchant armour
 t - 2 scrolls of blinking
 v - 2 scrolls of teleportation
 w - 3 scrolls of magic mapping
Potions
 d - 3 potions of brilliance
 e - 4 potions of might
 f - 3 potions of curing
 i - 3 potions of magic {unknown}
 j - 2 potions of resistance
 n - a potion of haste {unknown}
 o - 2 potions of mutation
 q - 4 potions of degeneration {unknown}
 r - a potion of attraction {unknown}
 u - a potion of heal wounds {unknown}
 z - a potion of invisibility {unknown}


   Skills:
 + Level 5.6 Fighting
 + Level 8.4 Dodging
 - Level 4.3 Stealth
 + Level 6.2 Spellcasting


You had one spell level left.
You knew the following spells:

 Your Spells              Type           Power      Damage    Failure   Level
a - Shock                 Conj/Air       100%       1d9       1%          1
b - Stone Arrow           Conj/Erth      80%        3d12      1%          3
c - Swiftness             Air            40%        N/A       1%          3
d - Airstrike             Air            20%        2d(3-19)  5%          4
e - Sandblast             Erth           80%        2d17      1%          1
f - Passwall              Tmut/Erth      33%        N/A       1%          2
g - Static Discharge      Conj/Air       80%        2-6/arc   1%          2
h - Call Canine Familiar  Summ           40%        N/A       1%          3
Your spell library was empty.

Dungeon Overview and Level Annotations

Branches:
Dungeon (8/15)             Temple (1/1) D:6            Lair (0/5) D:8

Altars:
Cheibriados
Dithmenos
Gozag
Hepliaklqana
Makhleb
Qazlal
Ru
Trog
Xom
Zin

Shops:
D:5 *

Annotations:
Temple 4 transporters


Innate Abilities, Weirdness & Mutations

You are immune to sickness and miasma.
You are immune to poison.
Your flesh is very heat resistant. (rF++)
You are vulnerable to cold. (rC-)
You float through the air rather than walking.
You learn spells naturally, not from books.
Your magical power is your life essence.
You have superior vitality. (+4 MHP)


Message History

Casting: Stone Arrow (safe; 1% risk of failure)
Confirm with . or Enter, or press ? or * to list all spells.
Aiming: Stone Arrow (safe; 1% risk of failure)
Press: ? - help, Shift-Dir - straight line, f - wyvern
Aim: a wyvern (76% to hit)
The stone arrow hits the wyvern!
The wyvern is heavily wounded.
The wyvern bites you!
Casting: Stone Arrow (safe; 1% risk of failure)
Confirm with . or Enter, or press ? or * to list all spells.
Aiming: Stone Arrow (safe; 1% risk of failure)
Press: ? - help, Shift-Dir - straight line, f/p - wyvern
Aim: a wyvern (heavily wounded, 76% to hit)
The stone arrow misses the wyvern.
The wyvern barely misses you. The wyvern bites you!
* * * LOW HITPOINT WARNING * * *
Casting: Stone Arrow (safe; 1% risk of failure)
Confirm with . or Enter, or press ? or * to list all spells.
Aiming: Stone Arrow (safe; 1% risk of failure)
Press: ? - help, Shift-Dir - straight line, f/p - wyvern
Aim: a wyvern (heavily wounded, 76% to hit)
The stone arrow misses the wyvern.
* * * LOW HITPOINT WARNING * * *
The wyvern barely misses you.
Unknown command.
Okay, then.
Casting: Stone Arrow (safe; 1% risk of failure)
Confirm with . or Enter, or press ? or * to list all spells.
Okay, then.
Unknown command.
Casting: Stone Arrow (safe; 1% risk of failure)
Confirm with . or Enter, or press ? or * to list all spells.
Aiming: Passwall (safe; 1% risk of failure)
Press: ? - help, Dir - move target, p - wyvern A rock wall.
* * * LOW HITPOINT WARNING * * *
The wyvern bites you but does no damage.
The wyvern bites you!
You die...
Your body crumbles into a pile of gold.

#......##...........≈≈≈≈≈≈≈≈≈
#....................≈≈≈≈≈≈≈.
#..)..#..#.........#..≈≈≈≈≈..
#..$..##...........##..≈≈≈..#
###)######...>^.....##..≈..##
#$# ##......... #.#
#......... ###.### ##l#......
#.....# #@# .....
#...(.######.# ....
#.>........... ...
#....D######.#. .. #.....#
#...# : #..<..# ##. # #.....#
. ####### ..


You could see a wyvern.

Vanquished Creatures
  A water moccasin (D:5)
  2 orc warriors
  6 ice beasts
  A black bear (D:4)
  An ogre (D:4)
  2 centaurs
  A bullfrog (D:7)
  A gnoll sergeant (D:7)
  A scorpion (D:5)
  5 killer bees
  2 electric eels
  3 hounds
  5 jellies
  4 orc priests
  A gnoll bouda (D:7)
  6 iguanas
  Ijyb (D:5)
  6 orc wizards
  9 gnolls
  4 adders
  A white imp (D:6)
  2 ufetubi
  A worm (D:3)
  A dart slug (D:2)
  40 orcs
  8 ball pythons
  7 bats
  4 endoplasms
  A giant cockroach (D:4)
  4 goblins
  3 hobgoblins
  7 kobolds
  3 quokkas
  2 frilled lizards
  4 rats
150 creatures vanquished.

Vanquished Creatures (collateral kills)
  A gnoll (D:7)
1 creature vanquished.

Vanquished Creatures (others)
  7 fungi (D:7)
  3 toadstools (D:7)
10 creatures vanquished.

Grand Total: 161 creatures vanquished

Notes
Turn   | Place    | Note
-------+----------+-------------------------------------------
     0 | D:1      | ryw the Djinni Air Elementalist began the quest for the
                  | Orb.
     0 | D:1      | ryw set off with the following spells memorised: Shock,
                  | Static Discharge, Swiftness, Airstrike.
     0 | D:1      | Reached XP level 1. HP: 15/15 MP: 0/0
   224 | D:1      | Reached XP level 2. HP: 19/21 MP: 0/0
   818 | D:2      | Identified the +7 quarterstaff "Osya" {holy, Int+6 Dex-5}
   988 | D:2      | Reached XP level 3. HP: 24/25 MP: 0/0
   988 | D:2      | Learned a level 1 spell: Sandblast
  1350 | D:3      | Reached skill level 3 in Dodging
  1451 | D:3      | Reached XP level 4. HP: 26/31 MP: 0/0
  2924 | D:4      | Noticed an ogre
  2930 | D:4      | Killed an ogre
  2931 | D:4      | Reached XP level 5. HP: 30/35 MP: 0/0
  2931 | D:4      | Learned a level 2 spell: Passwall
  2996 | D:4      | Reached skill level 4 in Dodging
  2996 | D:4      | Reached XP level 6. HP: 34/40 MP: 0/0
  3336 | D:4      | Noticed a black bear
  3344 | D:4      | Killed a black bear
  3587 | D:5      | Entered Level 5 of the Dungeon
  3602 | D:5      | Found Fodaveaph's Serpentskin Sales.
  3602 | D:5      | Noticed a water moccasin
  3614 | D:5      | Killed a water moccasin
  3615 | D:5      | Reached XP level 7. HP: 21/45 MP: 0/0
  3615 | D:5      | Learned a level 3 spell: Stone Arrow
  3825 | D:5      | Reached skill level 5 in Dodging
  3976 | D:5      | Found an opulent altar of Gozag.
  3985 | D:5      | Became a worshipper of Gozag Ym Sagoz the Greedy
  4058 | D:5      | Noticed Ijyb
  4064 | D:5      | Killed Ijyb
  4300 | D:5      | Reached skill level 1 in Fighting
  4300 | D:5      | Reached XP level 8. HP: 50/52 MP: 0/0
  4852 | D:6      | Found a staircase to the Ecumenical Temple.
  4865 | D:6      | Reached skill level 6 in Dodging
  4885 | Temple   | Entered the Ecumenical Temple
  4885 | Temple   | Found a transporter.
  4885 | Temple   | Found a transporter.
  4917 | Temple   | Found a transporter.
  4917 | Temple   | Found a transporter.
  5210 | D:6      | Found a shimmering altar of Xom.
  6016 | D:7      | Reached skill level 5 in Spellcasting
  6221 | D:7      | Reached XP level 9. HP: 56/61 MP: 0/0
  6221 | D:7      | Learned a level 3 spell: Call Canine Familiar
  6482 | D:7      | Reached skill level 7 in Dodging
  7746 | D:8      | Found a staircase to the Lair.
  7914 | D:8      | Reached skill level 5 in Fighting
  7914 | D:8      | Reached skill level 8 in Dodging
  8365 | D:8      | Slain by a wyvern

Illustrated notes

Levels and vault maps discovered:
D:1:      zelgadis_glass_arrival_large, layout_loops_ring
D:2:      layout_rooms
D:3:      minmay_inner_zag, layout_basic, serial_curves, eino_curves_03,
          eino_curves_03, eino_curves_02, eino_curves_04, minmay_circle_x
D:4:      layout_basic
D:5:      layout_cave_pods, mainiacjoe_overflow_alcove_1, guppyfry_shop_venom,
          uniq_ijyb
D:6:      layout_loops_cross, nicolae_overflow_squiral,
          minmay_temple_entry_stoned_glass
D:7:      layout_loops_ring, enter_bailey_8, minmay_gold_behind_fungi
D:8:      layout_rooms, lair_entry_dummy, amcnicky_mini_pool_medium,
          uniq_amaemon
Temple:   hellmonk_temple_divided_pantheon

Skill      XL: |  1  2  3  4  5  6  7  8  9 |
---------------+----------------------------+-----
Stealth        | 2 3 4 |  4.3
Dodging        | 3 4 5 6 8 |  8.4
Spellcasting   | 3 4 5 6 |  6.2
Fighting       | 1 3 5 |  5.6

Action                   |  1- 3 |  4- 6 |  7- 9 || total
-------------------------+-------+-------+-------++-------
Melee: Whip              |     8 |       |       ||     8
       Quarterstaff      |     1 |     5 |    21 ||    27
 Cast: Shock             |    44 |    88 |   182 ||   314
       Static Discharge  |       |     2 |       ||     2
       Sandblast         |       |     1 |       ||     1
       Airstrike         |       |     1 |     7 ||     8
       Stone Arrow       |       |       |    57 ||    57
       Swiftness         |       |       |     4 ||     4
       Call Canine Famil |       |       |     3 ||     3
       Passwall          |       |       |     1 ||     1
  Use: Scroll            |       |    10 |     5 ||    15
Armor: Robe              |     5 |     5 |    10 ||    20
Dodge: Dodged            |    19 |    21 |    62 ||   102

Table legend: (Time is in decaauts)
 A = Elapsed time spent in this place.
 B = Non-inter-level travel time spent in this place.
 C = Inter-level travel time spent in this place.
 D = Time resting spent in this place.
 E = Time spent auto-exploring this place.
 F = Levels seen in this place.
 G = Mean time per level.
                   A        B        C        D        E       F      G
               +--------+--------+--------+--------+--------+-----+--------+
         Total |   8376 |   8058 |    318 |   1393 |   5456 |   9 |  930.7 |
       Dungeon |   8340 |   8024 |    316 |   1393 |   5425 |   8 | 1042.5 |
        Temple |     35 |     33 |      2 |      0 |     31 |   1 |   35.0 |
               +--------+--------+--------+--------+--------+-----+--------+

Top non-repeatable levels by time:
     D:7: 1751 daAuts
     D:3: 1494 daAuts
     D:6: 1227 daAuts
     D:5: 1143 daAuts
     D:4: 931 daAuts
     D:1: 701 daAuts
     D:8: 554 daAuts
     D:2: 536 daAuts
  Temple: 35 daAuts
